 Dungeon Crawl Stone Soup version 0.32-a0-928-g1cae6b7ea0 (webtiles) character file.

Game seed: 3407462233910758692

55 Cancer the Digger (level 3, 0/19 HPs)
             Began as a Gargoyle Earth Elementalist on Apr 13, 2024.
             Slain by a gnoll
             ... wielding a +0 spear
              (5 damage)
             ... on level 3 of the Dungeon.
             The game lasted 00:02:06 (2301 turns).

Cancer the Digger (Gargoyle Earth Elementalist)     Turns: 2301, Time: 00:02:07

Health: 0/19       AC:  9    Str: 11    XL:     3   Next: 93%
Magic:  3/7        EV: 11    Int: 17    God:
Gold:   73         SH:  5    Dex: 10    Spells: 6/7 levels left

rFire   . . .        (no weapon)
rCold   . . .        (no shield)
rNeg    + . .        a - +0 robe
rPois   ∞            (no helmet)
rElec   +            (no cloak)
rCorr   .            (no gloves)
SInv    .            (no boots)
Will    .....        d - amulet of reflection
Stlth   ++           o - +4 ring of protection
HPRegen 0.23/turn    (no ring)
MPRegen 0.10/turn

%: reflection
@: no status effects
A: sickness immunity, AC +3, negative energy resistance 1, electricity
resistance, torment resistance 1, petrification resistance
a: no special abilities


You were on level 3 of the Dungeon.
You visited 1 branch of the dungeon, and saw 3 of its levels.

You collected 73 gold pieces.

Inventory:

Armour
 a - a +0 robe (worn)
Jewellery
 d - an amulet of reflection (around neck)
 o - a +4 ring of protection (left hand)
Scrolls
 c - a scroll of brand weapon {unknown}
 f - 2 scrolls of identify {unknown}
 h - a scroll of poison {unknown}
 k - a scroll of fog {unknown}
 m - a scroll of fear {unknown}
 n - a scroll of vulnerability {unknown}
 p - a scroll of butterflies {unknown}
 q - a scroll of silence {unknown}
 r - a scroll of revelation {unknown}
 t - a scroll of noise {unknown}
Potions
 b - a potion of magic
 e - a potion of haste {unknown}
 g - 2 potions of curing {unknown}
 i - 2 potions of attraction {unknown}
 j - 2 potions of lignification {unknown}
 l - a potion of mutation {unknown}
 s - a potion of cancellation {unknown}


   Skills:
 - Level 1.5 Dodging
 - Level 2.1 Stealth
 + Level 2.7 Spellcasting
 + Level 2.3 Conjurations
 + Level 4.4 Earth Magic


You had 6 spell levels left.
You knew the following spells:

 Your Spells              Type           Power      Damage    Failure   Level
a - Sandblast             Erth           34%        2d9       3%          1

Your spell library contained the following spells:

 Spells                   Type           Power      Damage    Failure   Level
 Passwall                 Erth           17%        N/A       9%          3
 Stone Arrow              Conj/Erth      26%        3d8       13%         3
 Brom's Barrelling Bould  Conj/Erth      13%        2d4       41%         4
 Petrify                  Alch/Erth      9%         N/A       58%         4


Dungeon Overview and Level Annotations

Branches:
Dungeon (3/15)

Altars:


Innate Abilities, Weirdness & Mutations

You are immune to sickness and miasma.
Your stone body is resilient. (AC +3)
You are immune to poison.
You resist negative energy. (rN+)
You are resistant to electric shocks. (rElec)
You are resistant to unholy torment.
You are immune to petrification.


Message History

Aiming: Sandblast (safe; 3% risk of failure)
Press: ? - help, Shift-Dir - straight line, f/p - gnoll
Aim: a gnoll, wielding a +0 flail (heavily wounded, 84% to hit)
The blast of sand hits the gnoll!
You kill the gnoll!
Unknown command.
A gnoll comes into view. It is wielding a +0 spear.
A gnoll is nearby!
You are too injured to fight recklessly!
A gnoll is nearby!
You are too injured to fight recklessly!
You are too injured to fight recklessly!
A gnoll is nearby!
Casting: Sandblast (safe; 3% risk of failure)
Confirm with . or Enter, or press ? or * to list all spells.
Aiming: Sandblast (safe; 3% risk of failure)
Press: ? - help, Shift-Dir - straight line, f - gnoll
Aim: a gnoll, wielding a +0 spear (84% to hit)
The blast of sand misses the gnoll.
The gnoll hits you from afar with a +0 spear.
* * * LOW HITPOINT WARNING * * *
Unknown command.
Casting: Sandblast (safe; 3% risk of failure)
Confirm with . or Enter, or press ? or * to list all spells.
Aiming: Sandblast (safe; 3% risk of failure)
Press: ? - help, Shift-Dir - straight line, f/p - gnoll
Aim: a gnoll, wielding a +0 spear (84% to hit)
The blast of sand hits the gnoll!
The gnoll is heavily wounded.
You block the gnoll's attack. The gnoll misses you.
Unknown command.
Casting: Sandblast (safe; 3% risk of failure)
Confirm with . or Enter, or press ? or * to list all spells.
Aiming: Sandblast (safe; 3% risk of failure)
Press: ? - help, Shift-Dir - straight line, f/p - gnoll
Aim: a gnoll, wielding a +0 spear (heavily wounded, 84% to hit)
The blast of sand hits the gnoll.
The gnoll is severely wounded.
The gnoll hits you from afar with a +0 spear.
You die...

#.....########
#.###........#######
#########.# #..###..........
..........###......#.##..##
..##.####.##.....###.# #
......###.##.###.###.## .#
..##.#....##.....##...#..####
.###.#.##........#....)......
.# #.......###..@.g...#..####
.# ###.##.......####.##...#
.#####.##.......)...... ..#
.......<....###......####.#
.#####.####.# ######## .# .#
#.# #.# # .# #.####.# .###
#.##...# ...###.##.########


You could see a gnoll.

Vanquished Creatures
  3 gnolls (D:3)
  A ribbon worm (D:2)
  6 bats
  An endoplasm (D:3)
  3 goblins
  3 hobgoblins
  2 quokkas
  A ball python (D:2)
  2 frilled lizards
  3 kobolds
25 creatures vanquished.

Notes
Turn   | Place    | Note
-------+----------+-------------------------------------------
     0 | D:1      | Cancer the Gargoyle Earth Elementalist began the quest for
                  | the Orb.
     0 | D:1      | Reached XP level 1. HP: 10/10 MP: 3/3
   109 | D:1      | You fall into a shaft and drop 1 floor!
   214 | D:2      | Reached XP level 2. HP: 15/15 MP: 1/5
  1431 | D:2      | Reached skill level 4 in Earth Magic
  2122 | D:3      | Reached XP level 3. HP: 19/19 MP: 4/6
  2301 | D:3      | Slain by a gnoll

Illustrated notes

Levels and vault maps discovered:
D:1:      minmay_arrival_wavy_path, layout_basic
D:2:      layout_loops_corners
D:3:      layout_loops_ring, minmay_misc_feat_columns

Skill      XL: |  1  2  3 |
---------------+----------+-----
Earth Magic    | 4 |  4.4
Conjurations   | 2 |  2.3
Dodging        | |  1.5
Stealth        | |  2.1
Spellcasting   | |  2.7

Action                     || total
---------------------------++-------
  Melee: Unarmed           ||     5
   Cast: Sandblast         ||    42
 Armour: Robe              ||    20
  Dodge: Dodged            ||    12
  Block: Other             ||     1

Table legend: (Time is in decaauts)
 A = Elapsed time spent in this place.
 B = Non-inter-level travel time spent in this place.
 C = Inter-level travel time spent in this place.
 D = Time resting spent in this place.
 E = Time spent auto-exploring this place.
 F = Levels seen in this place.
 G = Mean time per level.
                   A        B        C        D        E       F      G
               +--------+--------+--------+--------+--------+-----+--------+
         Total |   2321 |   2239 |     82 |     45 |   1942 |   3 |  773.7 |
       Dungeon |   2321 |   2239 |     82 |     45 |   1942 |   3 |  773.7 |
               +--------+--------+--------+--------+--------+-----+--------+

Top non-repeatable levels by time:
     D:1: 978 daAuts
     D:2: 927 daAuts
     D:3: 416 daAuts
